 Dungeon Crawl Stone Soup version 0.31-a0-846-gb3bcc0d938 (webtiles) character file.

Game seed: 10226638739582233442

67 Gladio the Covered (level 4, 0/40 HPs)
             Began as a Meteoran Fighter on Oct 4, 2023.
             Was an Initiate of Yredelemnul.
             Slain by an orc wizard
             ... wielding a +1 dagger of flaming
              (4 damage)
             ... on level 3 of the Dungeon.
             The game lasted 00:04:02 (1014 turns).

Gladio the Covered (Meteoran Fighter)               Turns: 1014, Time: 00:04:03

Health: 0/40       AC:  7    Str: 20    XL:     4   Next: 65%
Magic:  5/5        EV:  6    Int:  9    God:    Yredelemnul [......]
Gold:   142        SH:  5    Dex: 13    Spells: 3/3 levels left

rFire   . . .        a - +0 flail
rCold   . . .        c - +0 buckler
rNeg    . . .        b - +0 scale mail
rPois   .            (no helmet)
rElec   .            (no cloak)
rCorr   .            (no gloves)
SInv    .            (no boots)
Will    +....        (no amulet) Stlth
                     g - ring of willpower
HPRegen 0.26/turn    (no ring)
MPRegen 0.09/turn

%: no passive effects
@: mighty, glowing, constricted
A: sense surroundings 1, otherworldly, glowing, explore regen
a: Renounce Religion, Recall Undead Harvest


You were on level 3 of the Dungeon.
You worshipped Yredelemnul.
Yredelemnul was noncommittal.
You visited 1 branch of the dungeon, and saw 3 of its levels.

You collected 142 gold pieces.

Inventory:

Hand Weapons
 a - a +0 flail (weapon)
Armour
 b - a +0 scale mail (worn)
 c - a +0 buckler (worn)
Jewellery
 g - a ring of willpower (left hand)
Scrolls
 e - 3 scrolls of identify {unknown}
 f - a scroll of enchant weapon {unknown}
Potions
 d - 2 potions of might


   Skills:
 + Level 3.9 Fighting
 + Level 3.6 Maces & Flails
 + Level 4.0 Armour
 + Level 3.9 Shields


You had 3 spell levels left.
You didn't know any spells.
Your spell library was empty.

Dungeon Overview and Level Annotations

Branches:
Dungeon (3/15) Zot: 749

Altars:
Yredelemnul


Innate Abilities, Weirdness & Mutations

You passively map a small area around you.
You are easily found by Zot.
You glow in the dark.
You regain HP and MP as you explore.


Message History

The orc closely misses you. The orc hits you but does no damage.
The orc hits you with a +0 club. The kobold hits you but does no damage.
The giant cockroach bites you but does no damage.
You thump the orc!
You kill the orc!
The dead are walking!
The giant cockroach bites you but does no damage.
The ball python bites you but does no damage.
The ball python grabs you. The ball python constricts you.
The orc hits you from afar with a +0 trident.
The orc hits you but does no damage. The kobold hits you but does no damage.
The ball python bites you but does no damage.
The ball python constricts you. The giant cockroach barely misses you.
You block the orc's attack.
The orc hits you from afar with a +0 trident.
The orc hits you but does no damage. The kobold hits you with a +0 club.
Your Armour skill increases to level 4!
You barely miss the orc.
The ball python bites you but does no damage.
The ball python constricts you. You block the giant cockroach's attack.
The orc barely misses you. You block the orc's attack.
The orc hits you but does no damage. You block the kobold's attack.
Your orc zombie hits the orc but does no damage.
The ball python barely misses you. The ball python constricts you.
The giant cockroach bites you but does no damage.
You barely miss the orc. The orc hits you with a +0 whip.
The orc hits you from afar with a +0 trident!
* * * LOW HITPOINT WARNING * * *
The orc hits you with a +0 falchion.
* * * LOW HITPOINT WARNING * * *
You block the kobold's attack.
The adder completely misses your orc zombie.
You block the giant cockroach's attack.
The ball python bites you but does no damage.
The ball python constricts you.
Your orc zombie hits the orc but does no damage.
You barely miss the kobold. The adder bites your orc zombie.
You block the orc's attack. The orc barely misses you. Something hits you.
You die...
Your body rises from the dead as a mindless zombie.

,
#..............
#..............
*
#..............
#..............
, .............
, * *,
..oo....... , **
* * #B.oS.....,
* #@oZ..... * *
#KS......
####.##........
,
.......<.......
,
......#........
, , , *
......#........,
, ,
....K,#........
, * .....
##../.... , <...
?...... ,


You could see an adder, 4 orcs, a giant cockroach, a ball python, a kobold and a
friendly orc zombie.

Vanquished Creatures
  2 adders (D:2)
  An orc (D:3)
  4 bats
  4 endoplasms
  A giant cockroach (D:2)
  5 goblins
  2 hobgoblins
  4 jackals (D:1)
  A quokka (D:2)
  6 ball pythons
  2 frilled lizards
  3 kobolds
  3 rats
38 creatures vanquished.

Vanquished Creatures (collateral kills)
  A ball python (D:2)
  2 bats (D:2)
  An endoplasm (D:2)
  A giant cockroach (D:2)
  A frilled lizard (D:2)
6 creatures vanquished.

Vanquished Creatures (others)
  2 bat zombies (D:2)
  An endoplasm zombie (D:2)
  A hobgoblin zombie (D:2)
4 creatures vanquished.

Grand Total: 48 creatures vanquished

Notes
Turn   | Place    | Note
-------+----------+-------------------------------------------
     0 | D:1      | Gladio the Meteoran Fighter began the quest for the Orb.
     0 | D:1      | Reached XP level 1. HP: 19/19 MP: 2/2
    90 | D:1      | Reached XP level 2. HP: 23/26 MP: 3/3
   237 | D:1      | Reached XP level 3. HP: 26/31 MP: 4/4
   244 | D:1      | Found a faded altar of an unknown god.
   248 | D:1      | Prayed at the altar of an unknown god.
   248 | D:1      | Became a worshipper of Yredelemnul the Dark
   482 | D:1      | Glimpsed the power of Zot.
   532 | D:1      | Glimpsed the power of Zot.
   609 | D:2      | Reached * piety under Yredelemnul
   658 | D:2      | Reached XP level 4. HP: 31/40 MP: 5/5
  1012 | D:3      | Reached skill level 4 in Armour
  1014 | D:3      | Slain by an orc wizard

Illustrated notes

Levels and vault maps discovered:
D:1:      tekkud_arrival_beachfront_property, layout_loops_ring,
          shapermc_ecumenical_altar_acropolis, minmay_heptomino_l4
D:2:      layout_rooms
D:3:      layout_basic, elyvilon_altar_5

Skill      XL: |  1  2  3  4 |
---------------+-------------+-----
Maces & Flails | 3 |  3.6
Armour         | 4 |  4.0
Fighting       | |  3.9
Shields        | |  3.9

Action                     |  1- 3 |  4- 6 || total
---------------------------+-------+-------++-------
  Melee: Flail             |    89 |    39 ||   128
 Invoke: Recall Undead Har |     1 |     1 ||     2
    Use: Potion            |       |     1 ||     1
 Armour: Scale mail        |    94 |    52 ||   146
  Dodge: Dodged            |    60 |    18 ||    78
  Block: Buckler           |    29 |    13 ||    42

Table legend: (Time is in decaauts)
 A = Elapsed time spent in this place.
 B = Non-inter-level travel time spent in this place.
 C = Inter-level travel time spent in this place.
 D = Time resting spent in this place.
 E = Time spent auto-exploring this place.
 F = Levels seen in this place.
 G = Mean time per level.
                   A        B        C        D        E       F      G
               +--------+--------+--------+--------+--------+-----+--------+
         Total |   1048 |    947 |    101 |      0 |    670 |   3 |  349.3 |
       Dungeon |   1048 |    947 |    101 |      0 |    670 |   3 |  349.3 |
               +--------+--------+--------+--------+--------+-----+--------+

Top non-repeatable levels by time:
     D:1: 568 daAuts
     D:2: 467 daAuts
     D:3: 13 daAuts
